Unix NetHack Version 5.0.0-0 post-release - last build Jun 10 2026 00:39:30 (3ee93aec679c4c4259841fe613dc97188e26a321,branch:main).

Game began 2026-06-11 08:07:03, ended 2026-06-11 08:27:03.

LDaviesPeters, neutral female human Archeologist

  ---------
  |.......|                                                             ------
  |.......|                                                             |....|
  |.......|                                             ##########      |....|
  |.......|                                        `#########    #######|../.|
  |.......|                                             #---.---  ######+....|
  ----)----                                             #|......#### ###------
      #                                                 #|`....|
      #                                                 #|`....|
      #           -----                             r@###|.....|
      ##          |.<.|                                  -+-.---
       #         #....|                                     #
       #         #|...|#  ##               #####            #
       ##        #|....########################            ##
     ---.---    ##|...|               -----.- ###         ###
     |.....|  ### -----               .......###     ------.---------
     |..[)*|# ####                    |.....|  ######-..............|
     |....*-###                       |.....|        |........>_....|
     -------                          -------        ----------------

LDaviesPeters the Field Worker  St:15 Dx:12 Co:11 In:14 Wi:14 Ch:11  Neutral
Dlvl:3  $:0  HP:0(28) Pw:10(10) AC:3  Xp:3 T:1767 

Latest messages:
 The sleep ray hits you!
 The little dog picks up a wand of sleep.
 The little dog drops a wand of sleep.
 The little dog picks up a wand of sleep.
 The little dog drops a wand of sleep.
 You wake up.
 You lash the large mimic.
 The large mimic hits!
 You lash the large mimic.
 You lash the large mimic.
 You lash the large mimic.
 The large mimic hits!
 What do you want to zap? [jB-H or ?*] D
 In what direction? 7
 The sleep ray hits the large mimic.
 The large mimic's grip relaxes.
 The sleep ray bounces!
 The sleep ray bounces!
 The sleep ray hits the small mimic.
 You lash the large mimic.
 You lash the large mimic.
 You miss the large mimic.
 The little dog picks up a wand of sleep.
 The little dog drops a wand of sleep.
 You do not owe Kyleakin anything.
 Moreover, you seem to have no gold.
 The little dog picks up a wand of sleep.
 The little dog drops a wand of sleep.
 "Hello, LDaviesPeters!  Welcome again to Kyleakin's quality apparel and accessories!"
 "Hello, LDaviesPeters!  Welcome again to Kyleakin's quality apparel and accessories!"
 The little dog picks up a wand of sleep.
 The large mimic hits!
 In what direction? 6
 The door closes.
 The little dog drops a wand of sleep.
 You see here a wand of sleep.
 K - a wand of sleep.
 You stop.  Your little dog is in the way!
 You miss the wererat.
 The wererat bites!
 You avoid harm.
 You miss the wererat.
 The wererat bites!
 You miss the wererat.
 The wererat bites!
 You lash the wererat.
 The wererat bites!
 You avoid harm.
 You die...
 Do you want your possessions identified? [ynq] (y) q

Inventory:
 Amulets  ('"')
  x - an uncursed amulet of magical breathing (being worn)
 Weapons  (')')
  m - 7 +0 darts
  z - a blessed +0 dagger
  a - a +2 bullwhip (weapon in left hand)
 Armor    ('[')
  c - an uncursed +0 fedora
  i - an uncursed +0 orcish helm (being worn)
  I - an uncursed +0 elven cloak (being worn)
  y - an uncursed +0 elven mithril-coat (being worn)
 Comestibles  ('%')
  q - an uncursed cram ration
  d - an uncursed food ration
 Wands    ('/')
  B - a wand of cold (0:3)
  C - a wand of light (0:13)
  G - a wand of locking (0:5)
  j - a wand of polymorph (0:4)
  E - a wand of secret door detection (0:11)
  K - a wand of sleep (0:6)
  D - a wand of sleep (0:4)
  H - a wand of slow monster (0:7)
  F - a wand of stasis (0:4)
 Tools    ('(')
  b - an uncursed sack containing 7 items
  k - an uncursed lock pick
  f - a tinning kit (0:47)
 Gems/Stones  ('*')
  g - an uncursed touchstone

Contents of the sack:
  36 gold pieces
  an uncursed scroll of gold detection
  a blessed scroll of scare monster
  2 uncursed scrolls of teleportation
  a cursed potion of invisibility
  a cursed ring of polymorph
  a +0 pick-axe

LDaviesPeters the Archeologist's attributes:

Background:
 You were a Field Worker, a level 3 female human Archeologist.
 You were neutral, on a mission for Camaxtli
 who was opposed by Quetzalcoatl (lawful) and Huhetotl (chaotic).
 You were left-handed.
 You were in the Dungeons of Doom, on level 3.
 You entered the dungeon 1767 turns ago.
 You had 51 experience points, 29 more were needed to attain level 4.

Basics:
 You had 0 out of 28 hit points.
 You had all 10 energy points (spell power).
 Your armor class was 3.
 Your wallet was empty, but
 you had 36 zorkmids stashed away in your pack.
 Autopickup was off.

Final Characteristics:
 Your strength was 15 (limit:18/100).
 Your dexterity was 12 (limit:18).
 Your constitution was 11 (limit:18).
 Your intelligence was 14 (limit:18).
 Your wisdom was 14 (limit:18).
 Your charisma was 11 (limit:18).

Final Status:
 You weren't hungry.
 You were unencumbered.
 You were wielding a whip.
 You had basic skill with whip.

Final Attributes:
 You were devoutly aligned.
 You had automatic searching.
 You were stealthy.
 You could survive without air.
 You were guarded.
 You are dead.

Miscellaneous:
 You didn't encounter any bones levels.
 Total elapsed playing time was 20 minutes.

Major events:
 Turn
    1: LDaviesPeters the neutral female human Archeologist entered the dungeon
  434: entered the Gnomish Mines
  996: attained the rank of Field Worker (level 3)
 1767: killed by a wererat

You didn't know any spells.

Skills:
 Fighting Skills
   bare handed combat [Unskilled]
   two weapon combat  [Unskilled]
   riding             [Unskilled]
 Weapon Skills
   dagger             [Unskilled]
   knife              [Unskilled]
   pick-axe           [Basic]
   short sword        [Unskilled]
   saber              [Unskilled]
   club               [Unskilled]
   quarterstaff       [Unskilled]
   sling              [Unskilled]
   dart               [Unskilled]
   boomerang          [Unskilled]
   whip               [Basic]
   unicorn horn       [Unskilled]
 Spellcasting Skills
   attack spells      [Unskilled]
   healing spells     [Unskilled]
   divination spells  [Unskilled]
   matter spells      [Unskilled]

Voluntary challenges:
 Character rerolling was not enabled.
 You never genocided any monsters.
 You never polymorphed an object.
 You never changed form.
 You used no wishes.
Achievements:
 You entered the Gnomish Mines.
 You attained the rank of Field Worker.
 You entered a shop.

 The Dungeons of Doom: levels 1 to 3
    Level 1:
       An altar to Camaxtli.
    Level 2:
       A grave.
       Stairs down to The Gnomish Mines.
    Level 3: <- You were here.
       A wand shop, an altar to Camaxtli.
       Final resting place for
          you, killed by a wererat.
 The Gnomish Mines:
    Level 3:


Vanquished creatures:
 an orc zombie
  2 hobbits
  a giant rat
  a gnome zombie
  2 jackals
  a kobold
  a goblin
  2 sewer rats
  3 lichens
  a kobold zombie
  2 newts
17 creatures vanquished.

No species were genocided or became extinct.

Game over:
                       ----------
                      /          \
                     /    REST    \
                    /      IN      \
                   /     PEACE      \
                  /                  \
                  |  LDaviesPeters   |
                  |      36 Au       |
                  |   killed by a    |
                  |     wererat      |
                  |                  |
                  |                  |
                  |       2026       |
                 *|     *  *  *      | *
        _________)/\\_//(\/(/\)/\//\/|_)_______

Goodbye LDaviesPeters the Archeologist...

You died in The Dungeons of Doom on dungeon level 3 with 367 points,
and 36 pieces of gold, after 1767 moves.
You were level 3 with a maximum of 28 hit points when you died.

